 Dungeon Crawl Stone Soup version 0.28-a0-1638-g9123634e07 (webtiles) character file.

Game seed: 14957338259573396989

218 HallandMoats the Skirmisher (level 5, -3/46 HPs)
             Began as a Ghoul Fighter on Jan 25, 2022.
             Slain by a gnoll (8 damage)
             ... on level 3 of the Dungeon.
             The game lasted 00:04:12 (3092 turns).

HallandMoats the Skirmisher (Ghoul Fighter)         Turns: 3092, Time: 00:04:13

Health: -3/46      AC:  7    Str: 20    XL:     5   Next: 95%
Magic:  6/6        EV: 10    Int:  5    God:
Gold:   82         SH:  5    Dex:  8    Spells: 4/4 levels left

rFire   . . .      SeeInvis .   m - +1 falchion
rCold   + + .      Faith    .   c - +1 buckler
rNeg    + + +      Spirit   .   f - +2 ring mail {rC+}
rPois   ∞          Reflect  .   (no helmet)
rElec   .          Harm     .   (no cloak)
rCorr   .          Rampage  .   (no gloves)
Will    .....                   (no boots)
Stlth   ..........              (no amulet)
HPRegen 0.00/turn               (no ring)
MPRegen 0.10/turn               (no ring)

@: mighty, lit by a corona, inhibited regen, glowing
A: claws 1, cold resistance 1, negative energy resistance 3, inhibited
regeneration, torment resistance 2
a: no special abilities


You were on level 3 of the Dungeon.
You visited 1 branch of the dungeon, and saw 4 of its levels.

You collected 82 gold pieces.

Inventory:

Hand Weapons
 a - a +0 long sword
 m - a +1 falchion (weapon)
Armour
 c - a +1 buckler (worn)
 f - a +2 ring mail of cold resistance (worn)
Scrolls
 b - a scroll of enchant weapon
 e - 2 scrolls of enchant armour
 g - a scroll of identify
Potions
 d - a potion of might
 i - a potion of flight {unknown}
 j - 2 potions of resistance {unknown}
 l - 2 potions of ambrosia {unknown}


   Skills:
 + Level 3.9 Fighting
 * Level 3.1 Long Blades
 + Level 3.1 Armour
 + Level 1.5 Dodging
 + Level 3.2 Shields
 * Level 2.7 Invocations


You had 4 spell levels left.
You didn't know any spells.
Your spell library contained the following spells:

 Spells                   Type           Power      Damage    Failure   Level
 Animate Skeleton         Necr           0%         N/A       75%         1
 Apportation              Tloc           0%         N/A       75%         1
 Summon Small Mammal      Summ           0%         N/A       75%         1
 Static Discharge         Conj/Air       0%         N/A       87%         2
 Call Canine Familiar     Summ           0%         N/A       98%         3
 Summon Guardian Golem    Hex/Summ       0%         N/A       98%         3
 Lightning Bolt           Conj/Air       0%         1d11      100%        5
 Maxwell's Capacitive Co  Air            0%         ∞         100%        8


Dungeon Overview and Level Annotations

Branches:
Dungeon (4/15)
 Temple: D:4-7

Altars:

Shops:
D:3 (


Innate Abilities, Weirdness & Mutations

You thrive by killing the living.
You are immune to poison.
You have sharp fingernails.
Your flesh is cold resistant. (rC+)
You are immune to negative energy. (rN+++)
You do not regenerate when monsters are visible.
You are immune to unholy pain and torment.


Message History

You hit the gnoll shaman.
The gnoll shaman is heavily wounded.
The gnoll shaman misses you.
The gnoll shaman hits you with a +0 club.
You hit the gnoll shaman.
The gnoll shaman is heavily wounded.
The gnoll shaman closely misses you.
You barely miss the gnoll shaman.
The gnoll shaman is heavily wounded.
The gnoll shaman hits you with a +0 club!
You barely miss the gnoll shaman.
The gnoll shaman is heavily wounded.
The gnoll shaman hits you with a +0 club.
You hit the gnoll shaman.
The gnoll shaman is severely wounded.
The gnoll shaman invokes the aid of its god against you.
You are outlined in light.
You hit the gnoll shaman but do no damage.
The gnoll shaman is severely wounded.
The gnoll shaman hits you but does no damage. x2
You hit the gnoll shaman.
You kill the gnoll shaman!
You feel better. The gnoll misses you. The gnoll barely misses you.
The gnoll hits you with a +0 flail!
* * * LOW HITPOINT WARNING * * *
The gnoll is no longer moving quickly.
There is a stone staircase leading up here.
Magic restored.
You block the gnoll's attack.
You climb upwards.
There is a stone staircase leading down here.
You barely miss the gnoll. The gnoll hits you with a +0 flail!
* * * LOW HITPOINT WARNING * * *
You hit the gnoll.
The gnoll is moderately wounded.
The gnoll closely misses you.
You feel very mighty all of a sudden. The gnoll hits you with a +0 flail!
You die...

#.# ##.##
##..##..#.#.#.# #.#
#..# ####............#
#.###.##
##...∩...#.#.#.#.####
#.##..#
#.....##............##
#.##.##
#.##..####...........#
#.##.#
#.##...##......##.....
#.##.#
#.##.#.###.....##.#.(#
#.##.#
#...g#.####....##.#..#
#.#..#
####.@...............#
#.#.##
###.#####..#####.##
#.#.# #.#####........#
#...# #.......########
##### #########


You could see a gnoll.

Vanquished Creatures
  A gnoll shaman (D:4)
  4 gnolls
  8 adders
  An ufetubus (D:4)
  6 dart slugs
  An orc (D:3)
  8 ball pythons
  5 bats
  8 endoplasms
  2 giant cockroaches
  A goblin (D:1)
  6 hobgoblins
  3 jackals (D:3)
  2 quokkas
  4 frilled lizards
  4 kobolds
  4 rats
68 creatures vanquished.

Notes
Turn   | Place    | Note
-------+----------+-------------------------------------------
     0 | D:1      | HallandMoats the Ghoul Fighter began the quest for the Orb.
     0 | D:1      | Reached XP level 1. HP: 19/19 MP: 0/0
   138 | D:1      | Reached XP level 2. HP: 26/26 MP: 1/1
   182 | D:1      | Reached skill level 1 in Invocations
   199 | D:1      | Reached XP level 3. HP: 8/31 MP: 2/2
   624 | D:1      | Found a faded altar of an unknown god.
   993 | D:2      | Reached XP level 4. HP: 36/38 MP: 4/4
  1000 | D:2      | Reached skill level 1 in Dodging
  1620 | D:3      | Reached XP level 5. HP: 44/46 MP: 5/5
  1885 | D:3      | Found Onaegrit's Antique Weapon Shoppe.
  3092 | D:3      | Slain by a gnoll

Illustrated notes

Levels and vault maps discovered:
D:1:      minmay_arrival_four_loops, layout_rooms,
          shapermc_ecumenical_altar_mp_vishouse
D:2:      layout_loops_ring, minmay_tall_x
D:3:      layout_loops_corners, serial_shops, nicolae_square_shop,
          serial_co_window_serial, co_window_paths_a, co_window_paths_b,
          co_window_paths_a, co_window_corner_a, co_window_of_opportunity_a,
          co_window_corner_b, co_window_corner_ca, co_window_corner_ca,
          glass_columns_a, glass_columns_b, glass_columns_c, nrook_campfire,
          grunt_decor_resistance
D:4:      layout_basic, lemuel_temple_firewalk_b, serial_park_tiny_1,
          uniq_menkaure, uniq_natasha

Skill      XL: |  1  2  3  4  5 |
---------------+----------------+-----
Long Blades    | 2 3 |  3.1
Invocations    | 1 2 |  2.7
Shields        | 3 |  3.2
Dodging        | 1 |  1.5
Armour         | 3 |  3.1
Fighting       | |  3.9

Action                   |  1- 3 |  4- 6 || total
-------------------------+-------+-------++-------
Melee: Long sword        |    67 |   113 ||   180
       Falchion          |       |    44 ||    44
  Use: Scroll            |       |     6 ||     6
       Potion            |       |     1 ||     1
Armor: Scale mail        |     8 |       ||     8
       Ring mail         |    14 |    59 ||    73
Dodge: Dodged            |    38 |    84 ||   122
Block: Buckler           |     9 |    23 ||    32

Table legend: (Time is in decaauts)
 A = Elapsed time spent in this place.
 B = Non-inter-level travel time spent in this place.
 C = Inter-level travel time spent in this place.
 D = Time resting spent in this place.
 E = Time spent auto-exploring this place.
 F = Levels seen in this place.
 G = Mean time per level.
                   A        B        C        D        E       F      G
               +--------+--------+--------+--------+--------+-----+--------+
         Total |   3155 |   3038 |    117 |      0 |   2362 |   4 |  788.8 |
       Dungeon |   3155 |   3038 |    117 |      0 |   2362 |   4 |  788.8 |
               +--------+--------+--------+--------+--------+-----+--------+

Top non-repeatable levels by time:
     D:3: 1284 daAuts
     D:2: 781 daAuts
     D:1: 752 daAuts
     D:4: 337 daAuts
